 Dungeon Crawl Stone Soup version 0.26-a0-852-g6321bf7485 (webtiles) character file.

Game seed: 5452330813758642160

566 dickylongcocking the Chiller (level 7, -5/46 HPs)
             Began as a Merfolk Ice Elementalist on Nov 21, 2020.
             Was an Initiate of Sif Muna.
             Killed by divine providence
             ... invoked by an orc priest
              (10 damage)
             ... on level 4 of the Dungeon.
             The game lasted 00:04:40 (2879 turns).

dickylongcocking the Chiller (MfIE)                 Turns: 2879, Time: 00:04:40

Health: -5/46      AC:  6    Str:  8    XL:     7   Next: 32%
Magic:  16/23      EV: 13    Int: 17    God:    Sif Muna [......]
Gold:   165        SH:  0    Dex: 14    Spells: 11/15 levels left

rFire    . . .     SeeInvis .   y - +2 scythe (flame)
rCold    . . .     Faith    .   (shield currently unavailable)
rNeg     . . .     Spirit   .   a - +0 robe
rPois    .         Reflect  .   (no helmet)
rElec    .         Harm     .   (no cloak)
rCorr    .         Rampage  .   (no gloves)
MR       .....                  (no boots)
Stlth    ++........             (no amulet)
HPRegen  0.15/turn              g - ring of magical power
MPRegen  0.18/turn              l - +4 ring of protection

@: frozen ramparts
A: change form in water, swift swim, stealthy swim
a: Renounce Religion


You were on level 4 of the Dungeon.
You worshipped Sif Muna.
Sif Muna was noncommittal.
You visited 1 branch of the dungeon, and saw 4 of its levels.

You collected 165 gold pieces.

Inventory:

Hand Weapons
 e - a +1 vampiric short sword
 f - a +4 dagger
 v - a +5 spear
 y - a +2 scythe of flaming (weapon)
Armour
 a - a +0 robe (worn)
 k - a +2 buckler
Jewellery
 g - a ring of magical power (left hand)
 l - a +4 ring of protection (right hand)
 x - an uncursed ring of stealth
Wands
 t - a wand of acid (5)
 w - a wand of random effects (4)
Scrolls
 b - 5 scrolls of identify {unknown}
 c - 4 scrolls of random uselessness {unknown}
 h - a scroll of remove curse
 i - 3 scrolls of teleportation {unknown}
 j - a scroll of immolation {unknown}
 m - 2 scrolls of noise {unknown}
 p - a scroll of blinking {unknown}
 s - a scroll of enchant armour {unknown}
 u - a scroll of amnesia {unknown}
Potions
 d - a potion of degeneration {unknown}
 n - a potion of attraction {unknown}
 o - a potion of flight {unknown}
 q - a potion of heal wounds {unknown}
 r - 2 potions of lignification {unknown}
 z - a potion of invisibility {unknown}
 A - a potion of mutation {unknown}


   Skills:
 * Level 3.6 Polearms
 - Level 2.6 Dodging
 - Level 2.1 Stealth
 - Level 0.1 Shields
 * Level 4.9 Spellcasting
 * Level 7.0 Ice Magic


You had 11 spell levels left.
You knew the following spells:

 Your Spells              Type           Power        Failure   Level
a - Freeze                Ice            ####         1%          1
f - Frozen Ramparts       Ice            ####..       2%          3

Your spell library contained the following spells:

 Spells                   Type           Power        Failure   Level
 Ozocubu's Armour         Ice            ####....     2%          3
 Hailstorm                Conj/Ice       ###.....     32%         4
 Summon Ice Beast         Ice/Summ       ###.....     32%         4


Dungeon Overview and Level Annotations

Branches:
Dungeon (4/15)
 Temple: D:4-7

Altars:
Sif Muna


Message History

The orc priest invokes the aid of Beogh against you.
Pain shoots through your body!
Unknown command.
You feel better.
The orc priest invokes the aid of Beogh against you.
Beogh smites you!
* * * LOW HITPOINT WARNING * * *
The orc hits you but does no damage.
Unknown command.
Unknown command.
Okay, then.
Casting: Freeze (safe; 1% risk of failure)
Confirm with . or Enter, or press ? or * to list all spells.
The walls around you are covered in ice.
The wall freezes the giant cockroach.
The giant cockroach bites you.
* * * LOW HITPOINT WARNING * * *
The wall freezes the orc priest.
The orc priest calls down the wrath of Beogh upon you.
Beogh smites you!
You die...

...............#....#
............##.....###.
............##.........
.......................
.......<.##..#.........
.........###..........>
.........###....†......
.........B###.......##
..(.>....)@.#...(.###
.....##....oo.....#
..............>...#
.....?.w......?.....
.................###
....#..###......#
....### .....### ..
###...#


You could see an orc priest, a dart slug, an orc and a giant cockroach.

Vanquished Creatures
  Sigmund (D:3)
  4 wights (D:3)
  An orc wizard (D:4)
  Natasha (thrice) (D:3)
  A worker ant (D:4)
  2 adders (D:3)
  5 oozes
  A worm (D:2)
  A dart slug (D:3)
  A leopard gecko (D:3)
  3 orcs (D:3)
  3 giant cockroaches
  14 goblins
  10 hobgoblins
  11 jackals
  7 bats
  7 frilled lizards
  12 kobolds
  5 rats
92 creatures vanquished.

Notes
Turn   | Place    | Note
-------+----------+-------------------------------------------
     0 | D:1      | dickylongcocking the Merfolk Ice Elementalist began the
                  | quest for the Orb.
     0 | D:1      | Reached XP level 1. HP: 13/13 MP: 3/3
   173 | D:1      | Reached XP level 2. HP: 15/19 MP: 1/5
   495 | D:1      | Reached XP level 3. HP: 16/24 MP: 6/6
   499 | D:1      | Learned a level 3 spell: Frozen Ramparts
   682 | D:1      | Reached skill level 5 in Ice Magic
  1053 | D:2      | Reached XP level 4. HP: 30/30 MP: 8/8
  1602 | D:2      | You fall into a shaft and drop 1 floor!
  1651 | D:3      | Reached XP level 5. HP: 35/35 MP: 10/10
  1655 | D:3      | Reached skill level 6 in Ice Magic
  1655 | D:3      | Reached XP level 6. HP: 41/41 MP: 12/12
  1678 | D:3      | Noticed Natasha
  1688 | D:3      | Killed Natasha
  1854 | D:3      | Found a faded altar of an unknown god.
  1994 | D:3      | Reached skill level 1 in Polearms
  2087 | D:3      | Noticed Natasha
  2092 | D:3      | Killed Natasha
  2127 | D:3      | Noticed Natasha
  2178 | D:3      | Killed Natasha
  2210 | D:3      | Found a shimmering blue altar of Sif Muna.
  2261 | D:3      | Became a worshipper of Sif Muna the Loreminder
  2334 | D:3      | Noticed Sigmund
  2341 | D:3      | Killed Sigmund
  2342 | D:3      | Reached XP level 7. HP: 32/46 MP: 14/14
  2766 | D:4      | Reached skill level 7 in Ice Magic
  2879 | D:4      | Killed from afar by an orc priest

Illustrated notes

Levels and vault maps discovered:
D:1:      tarquinn_simple_flora_water_d, layout_rooms
D:2:      wad_crossroads, layout_basic
D:3:      minmay_chambers_of_threes, layout_rooms,
          chequers_ecumenical_altar_grove, lemuel_blue_sif_altar, uniq_natasha,
          uniq_sigmund
D:4:      layout_cave_pools, minmay_misc_feat_diagonals,
          minmay_increasing_density

Skill      XL: |  1  2  3  4  5  6  7 |
---------------+----------------------+-----
Ice Magic      | 5 6 7 |  7.0
Spellcasting   | 3 4 |  4.9
Polearms       | 3 |  3.6
Dodging        | |  2.6
Stealth        | |  2.1
Shields        | |  0.1

Action                   |  1- 3 |  4- 6 |  7- 9 || total
-------------------------+-------+-------+-------++-------
Melee: Short sword       |     4 |       |       ||     4
       Dagger            |    18 |    20 |       ||    38
       Spear             |       |    14 |    23 ||    37
       Scythe            |       |       |     1 ||     1
 Cast: Freeze            |    33 |     6 |    10 ||    49
       Frozen Ramparts   |     5 |    14 |     5 ||    24
Evoke: Wand              |       |     3 |       ||     3
  Use: Potion            |       |     1 |     1 ||     2
       Scroll            |       |       |     1 ||     1
 Stab: Sleeping          |     2 |     5 |       ||     7
Armor: Robe              |     8 |     4 |     7 ||    19
Dodge: Dodged            |    37 |    18 |     8 ||    63
Block: Buckler           |     4 |     9 |     6 ||    19

Table legend: (Time is in decaauts)
 A = Elapsed time spent in this place.
 B = Non-inter-level travel time spent in this place.
 C = Inter-level travel time spent in this place.
 D = Time resting spent in this place.
 E = Time spent auto-exploring this place.
 F = Levels seen in this place.
 G = Mean time per level.
                   A        B        C        D        E       F      G
               +--------+--------+--------+--------+--------+-----+--------+
         Total |   2877 |   2791 |     86 |    248 |   1978 |   4 |  719.2 |
       Dungeon |   2877 |   2791 |     86 |    248 |   1978 |   4 |  719.2 |
               +--------+--------+--------+--------+--------+-----+--------+

Top non-repeatable levels by time:
     D:3: 1220 daAuts
     D:1: 887 daAuts
     D:2: 713 daAuts
     D:4: 55 daAuts
